 Dungeon Crawl Stone Soup version 0.26-a0-291-g3d11bbfad5 (webtiles) character file.

Game seed: 4694167573823042571

8 BritishOli the Skirmisher (level 2, 20/24 HPs)
             Began as a Demonspawn Fighter on July 14, 2020.
             Quit the game on level 1 of the Dungeon.
             The game lasted 00:00:10 (144 turns).

BritishOli the Skirmisher (Demonspawn Fighter)       Turns: 144, Time: 00:00:11

Health: 20/24      AC:  6    Str: 16    XL:     2   Next: 0%
Magic:  2/2        EV:  6    Int:  9    God:
Gold:   13         SH:  8    Dex: 12    Spells: 1/1 levels left

rFire    . . .     SeeInvis .   a - +0 long sword
rCold    . . .     Faith    .   c - +0 kite shield
rNeg     . . .     Spirit   .   b - +0 scale mail
rPois    .         Reflect  .   (no helmet)
rElec    .         Harm     .   (no cloak)
rCorr    .                      (no gloves)
MR       .....                  (no boots)
Stlth    +.........             (no amulet)
HPRegen  0.08/turn              (no ring)
MPRegen  0.08/turn              (no ring)

@: no status effects
A: nightstalker 1
a: no special abilities


You were on level 1 of the Dungeon.
You visited 1 branch of the dungeon, and saw 1 of its levels.

You collected 13 gold pieces.

Inventory:

Hand Weapons
 a - a +0 long sword (weapon)
Armour
 b - a +0 scale mail (worn)
 c - a +0 kite shield (worn)
Scrolls
 e - a scroll of identify (quivered) {unknown}
 g - a scroll of enchant armour {unknown}
 h - a scroll of fear {unknown}
Potions
 d - a potion of might
 f - a potion of curing {unknown}
 i - a potion of lignification {unknown}


   Skills:
 + Level 3.1 Fighting
 + Level 2.0 Long Blades
 + Level 2.8 Armour
 + Level 2.8 Shields


You had one spell level left.
You didn't know any spells.
Your spell library was empty.

Dungeon Overview and Level Annotations

Branches:
Dungeon (1/15)

Altars:


Innate Abilities, Weirdness & Mutations

You are slightly more attuned to the shadows.


Message History

The jackal bites you but does no damage.
A jackal is nearby!
You closely miss the jackal.
The jackal bites you but does no damage.
You block the jackal's attack.
You closely miss the jackal. The jackal barely misses you.
The jackal bites you.
A jackal is nearby!
You slash the jackal!
You kill the jackal!
Your Long Blades skill increases to level 2!
You have reached level 2!
Your demonic ancestry asserts itself...
You slip into the darkness of the dungeon.
Quiver which item? (- for none, * to show all) (? for menu, Esc to quit)
You don't have any such object.
Quiver which item? (- for none, * to show all) (? for menu, Esc to quit)
Quivering
e - a scroll labeled ZIFFIA YXZI for throwing.
Unknown command.
Are you sure you want to abandon this character and quit the game? (Confirm with "yes".)

#≈≈≈≈≈...≈≈≈≈≈##....#....####
#≈≈≈≈≈≈≈≈≈≈≈≈≈#.............
#≈≈≈≈≈≈≈≈≈≈≈≈≈#.#....#######
#≈≈≈≈≈≈≈≈≈≈≈≈≈#.#....#
#≈≈≈≈≈≈≈≈≈≈≈≈≈#.#....#
###############.#....#
......###.####(#
#.........####.# #..@(....#.#
#.....######.#.# #.#.#
#.###.#.# # ##.......#
#....†...# ##.#.....#.#
#.#.......# #.#.#######
#.#.......#


There were no monsters in sight!

Vanquished Creatures
  2 leopard geckos (D:1)
  A hobgoblin (D:1)
  A jackal (D:1)
  A bat (D:1)
  A frilled lizard (D:1)
6 creatures vanquished.

Notes
Turn   | Place    | Note
-------+----------+-------------------------------------------
     0 | D:1      | BritishOli the Demonspawn Fighter began the quest for the
                  | Orb.
     0 | D:1      | Reached XP level 1. HP: 18/18 MP: 1/1
   142 | D:1      | Gained mutation: You are slightly more attuned to the
                  | shadows. [demonic ancestry]
   142 | D:1      | Reached XP level 2. HP: 20/24 MP: 2/2
   144 | D:1      | Quit the game

Illustrated notes

Levels and vault maps discovered:
D:1:      zaba_arrival_water, layout_basic, minmay_fountain_box, minmay_domino_2

Skill      XL: |  1 |
---------------+----+-----
Long Blades    | 2 |  2.0
Fighting       | |  3.1
Armour         | |  2.8
Shields        | |  2.8

Action                   || total
-------------------------++-------
Melee: Long sword        ||    19
Armor: Scale mail        ||     7
Dodge: Dodged            ||     5
Block: Kite shield       ||    13
       Rpst.: Long sword ||     3

Table legend:
 A = Non-vault XP
 B = Vault XP
 C = Vault XP percentage of total XP
 D = Non-vault monster count
 E = Vault monster count
 F = Vault count percentage of total count
                 A         B        C        D         E       F
            +---------+---------+-------+---------+---------+-------
      Total |      12 |       0 |   0.0 |       6 |       0 |   0.0
            +---------+---------+-------+---------+---------+-------
        D:1 |      12 |       0 |   0.0 |       6 |       0 |   0.0
            +---------+---------+-------+---------+---------+-------
